 Dungeon Crawl Stone Soup version 0.21-a0-39-g28ea6b7 (webtiles) character file.

50108 TheGoonsmith the Martial Artist (level 14, -6/113 HPs)
             Began as a Merfolk Transmuter on June 1, 2017.
             Was a High Priest of Makhleb.
             Mangled by a sun demon (13 damage)
             ... on level 6 of the Lair of Beasts.
             The game lasted 00:40:40 (17884 turns).

TheGoonsmith the Martial Artist (MfTm)             Turns: 17884, Time: 00:40:40

Health: -6/113     AC:  9    Str: 10    XL:     14   Next: 53%
Magic:  20/24      EV: 21    Int: 14    God:    Makhleb [*****.]
Gold:   418        SH:  0    Dex: 18    Spells: 13/27 levels left

rFire    . . .     SeeInvis .     - Unarmed
rCold    + . .     Gourm    .   (shield currently unavailable)
rNeg     . . .     Faith    .   b - +3 leather armour
rPois    +         Spirit   .   (no helmet)
rElec    .         Reflect  .   y - scarf {cloud immunity}
rCorr    .         Harm     .   (gloves currently unavailable)
MR       +....                  p - +2 pair of boots
Stlth    +.........             (no amulet)
Regen    0.3/turn               B - ring of protection from cold
MPRegen  0.2/turn               D - ring of poison resistance

@: about to teleport, blade hands
A: change form in water, swift swim, stealthy swim
a: End Transformation, Minor Destruction, Lesser Servant of Makhleb, Major
Destruction, Greater Servant of Makhleb, Renounce Religion


You were on level 6 of the Lair of Beasts.
You worshipped Makhleb.
Makhleb was extremely pleased with you.
You were very hungry.
You had blades for hands.
You visited 2 branches of the dungeon, and saw 14 of its levels.
You also visited: Ossuary.

You collected 738 gold pieces.
You spent 320 gold pieces at shops.

Inventory:

Missiles
 a - 217 arrows
Armour
 b - a +3 leather armour (worn)
 p - a +2 pair of boots (worn)
 y - a scarf of cloud immunity (worn)
 H - a +2 pair of gloves (melded)
Jewellery
 c - an uncursed ring of see invisible {unknown}
 B - a ring of protection from cold (left scythe-like blade)
 D - a ring of poison resistance (right scythe-like blade)
Wands
 e - a wand of enslavement (13/24)
 L - a wand of acid (6/15)
 N - a wand of paralysis (8/24)
 S - a wand of polymorph (10/24)
 T - a wand of lightning (8/15)
 V - a wand of disintegration (11/24)
Scrolls
 k - a scroll of enchant armour
 m - 6 scrolls of remove curse
 o - 3 scrolls of recharging
 r - 9 scrolls of identify
 t - a scroll of teleportation
 J - a scroll of fog
 K - a scroll of magic mapping
Potions
 d - 5 potions of flight
 h - 2 potions of magic
 j - a potion of heal wounds
 l - 2 potions of berserk rage
 s - 7 potions of curing
 w - 3 potions of might
 z - a potion of haste
 F - a potion of brilliance
 O - a potion of resistance
 P - a potion of agility
 Y - a potion of invisibility
Books
 i - a book of Battle

   Spells                             Type                      Level
   a - Infusion                       Charms                       1
   b - Shroud of Golubria             Charms/Translocation         2
   c - Song of Slaying                Charms                       2
   d - Spectral Weapon                Hexes/Charms                 3
   e - Regeneration                   Charms/Necromancy            3
Comestibles
 f - 7 meat rations
 I - 4 bread rations


   Skills:
 + Level 11.3 Fighting
 + Level 12.5 Dodging
 * Level 13.2 Unarmed Combat
 - Level 7.1 Spellcasting
 - Level 11.0 Transmutations
 - Level 5.3 Ice Magic
 - Level 1.0 Poison Magic
 + Level 11.4 Invocations


You had 13 spell levels left.
You knew the following spells:

 Your Spells              Type           Power        Failure   Level  Hunger
a - Blade Hands           Tmut           #####.....   34%         5    ######.
b - Ice Form              Ice/Tmut       ####....     36%         4    ####...
c - Spider Form           Tmut/Pois      ###.......   32%         3    ##.....
s - Sticks to Snakes      Tmut           #####...     10%         2    #......


Dungeon Overview and Level Annotations

Branches:
Dungeon (8/15)             Temple (0/1) D:6            Lair (6/6) D:8
  Swamp (0/4) Lair:2        Snake (0/4) Lair:3        Slime (0/5) Lair:5

Altars:
Gozag
Makhleb
Okawaru
Ru
Trog
Uskayaw
Vehumet
Xom
Yredelemnul
The Shining One
Jiyva

Shops:
D:8 ?

Annotations:
D:7 TheGoonsmith's ghost, novice GrEE
Lair:5 exclusion: oklob plant
Lair:6 exclusion: oklob plant


Message History

* * * LOW HITPOINT WARNING * * *
Your hellwing misses the sun demon.
Your hellwing closely misses the sun demon.
The sun demon hits you!!
* * * LOW HITPOINT WARNING * * *
You are engulfed in flames!
* * * LOW HITPOINT WARNING * * *
Your hellwing hits the sun demon. x2
The sun demon hits your hellwing but does no damage.
Things that are here:
a dagger; a robe Unknown command.
As you read the scroll of teleportation, it crumbles to dust.
You feel strangely unstable.
Your hellwing barely misses the sun demon.
Your hellwing hits the sun demon but does no damage.
You feel much better. The sun demon hits you!!
* * * LOW HITPOINT WARNING * * *
You are engulfed in flames!
You die...

♣♣♣..♣♣♣ ♣♣...♣♣♣♣ ♣♣♣♣..
♣...♣♣ ♣♣♣....♣♣♣...♣♣
♣....♣ ♣♣♣.......♣♣
#####''###### ♣♣♣P♣♣.♣♣
.............#########+♣♣♣♣♣
....8....8...#........
.............'...8.8..
##############..8.#...
#@..8.# #3.#.8...
._..4444..#.8..
.....4#..8.8...
§§§§.4#........ §§≈##
######### §≈ #


You could see a sun demon, 2 orange demons, a hellwing and a friendly hellwing.

Vanquished Creatures
  A dire elephant (Lair:6)
  The ghost of mhoghedin the Frost Mage, a journeyman MfIE of Sif Muna (Lair:5)
  5 hydras
  A two-headed ogre (D:8)
  A wizard (Lair:6)
  Pikel (D:6)
  3 black mambas
  The ghost of Spazmo the Thaumaturge, a novice DEFE of Vehumet (D:6)
  6 elephants
  Psyche (D:8)
  4 komodo dragons
  16 spiny frogs
  A rime drake (Lair:4)
  A polar bear (Lair:5)
  2 tyrant leeches (Lair:2)
  17 blink frogs
  Grinder (D:5)
  8 hippogriffs
  2 dream sheep (Lair:6)
  3 wyverns
  A shadow (D:7)
  39 yaks
  A basilisk (Lair:3)
  A hungry ghost (D:8)
  9 water moccasins
  7 porcupines
  3 hell hounds (Lair:6)
  A slave (D:6)
  A sky beast (D:6)
  2 ice beasts
  The ghost of TheGoonsmith the Ruffian, an amateur NaTm (D:3)
  3 ogres
  A wolf (Lair:3)
  10 crocodiles
  6 centaurs
  A big kobold (D:7)
  13 bullfrogs
  12 scorpions
  3 killer bees (D:8)
  7 wights
  An electric eel (Lair:1)
  A howler monkey (D:5)
  2 crimson imps (D:5)
  A centaur zombie (Ossuary)
  3 hounds
  A bullfrog skeleton (D:5)
  7 orc priests
  7 jellies
  An orc wizard (D:7)
  3 human zombies (Ossuary)
  3 iguanas
  4 worker ants
  A killer bee zombie (D:6)
  3 big kobold zombies (Ossuary)
  3 mummies (Ossuary)
  3 hound skeletons
  7 gnolls (D:6)
  3 adders
  3 scorpion zombies (Ossuary)
  A shadow imp (D:7)
  17 oozes
  3 worms
  A dart slug (D:1)
  7 leopard geckos
  24 orcs
  7 bats (D:2)
  7 giant cockroaches
  A gnoll zombie (Ossuary)
  7 goblins
  9 hobgoblins
  10 jackals
  12 kobolds
  2 quokkas
  A ball python (D:5)
  5 frilled lizards
  A hobgoblin zombie (Ossuary)
  2 kobold zombies (Ossuary)
  2 orc zombies (Ossuary)
  7 rats
381 creatures vanquished.

Vanquished Creatures (collateral kills)
  2 hydras (Lair:6)
  2 elephants (Lair:6)
  2 blink frogs
  Prince Ribbit (Lair:1)
  2 yaks (Lair:1)
  A water moccasin (Lair:6)
  A crocodile (Lair:1)
11 creatures vanquished.

Vanquished Creatures (others)
  A komodo dragon (Lair:6)
  A slave (D:6)
  A ball python skeleton (D:6)
  14 fungi
  4 plants
21 creatures vanquished.

Grand Total: 413 creatures vanquished

Notes
Turn   | Place    | Note
-------+----------+-------------------------------------------
     0 | D:1      | TheGoonsmith the Merfolk Transmuter began the quest for the Orb.
     0 | D:1      | Reached XP level 1. HP: 15/15 MP: 3/3
   329 | D:1      | Reached XP level 2. HP: 21/21 MP: 5/5
  1023 | D:1      | Reached XP level 3. HP: 26/26 MP: 4/6
  1063 | D:1      | Learned a level 2 spell: Sticks to Snakes
  1067 | D:1      | Learned a level 3 spell: Spider Form
  1492 | D:2      | Reached skill level 4 in Unarmed Combat
  1839 | D:2      | Reached XP level 4. HP: 28/32 MP: 7/7
  2217 | D:2      | Reached skill level 1 in Poison Magic
  2341 | D:3      | Found a bloodstained altar of Trog.
  2344 | D:3      | Found a sacrificial altar of Ru.
  2366 | D:3      | Found an iron altar of Okawaru.
  2374 | D:3      | Found an opulent altar of Gozag.
  2479 | D:3      | Found a burning altar of Makhleb.
  2633 | D:3      | Found a hide-covered altar of Uskayaw.
  2876 | D:3      | Reached skill level 5 in Transmutations
  2876 | D:3      | Reached XP level 5. HP: 37/37 MP: 5/8
  2893 | D:3      | Noticed TheGoonsmith's ghost (amateur NaTm)
  2945 | D:3      | Killed TheGoonsmith's ghost
  3170 | D:3      | Reached XP level 6. HP: 28/43 MP: 5/9
  3983 | D:4      | Found a basalt altar of Yredelemnul.
  4224 | D:4      | Reached XP level 7. HP: 37/52 MP: 11/11
  4493 | D:3      | Became a worshipper of Makhleb the Destroyer
  4519 | D:5      | Entered Level 5 of the Dungeon
  4562 | D:5      | Reached skill level 5 in Unarmed Combat
  4574 | D:5      | Reached skill level 5 in Dodging
  4627 | D:5      | Noticed Grinder
  4627 | D:5      | Paralysed by Grinder for 4 turns
  4639 | D:5      | Killed Grinder
  4710 | D:5      | Reached XP level 8. HP: 37/58 MP: 8/12
  4732 | D:5      | Found a sand-covered staircase.
  4828 | Ossuary  | Entered an ossuary
  4914 | Ossuary  | Reached skill level 6 in Unarmed Combat
  4942 | Ossuary  | Reached * piety under Makhleb
  5226 | Ossuary  | Reached skill level 7 in Unarmed Combat
  5635 | Ossuary  | Reached skill level 8 in Unarmed Combat
  5908 | D:5      | Reached XP level 9. HP: 67/67 MP: 9/13
  6034 | D:5      | Reached skill level 5 in Fighting
  6035 | D:5      | Found a radiant altar of Vehumet.
  6559 | D:6      | Learned a level 5 spell: Blade Hands
  6564 | D:6      | Learned a level 4 spell: Ice Form
  6674 | D:6      | Reached ** piety under Makhleb
  6675 | D:6      | Noticed Spazmo's ghost (novice DEFE)
  6693 | D:6      | Killed Spazmo's ghost
  6840 | D:6      | Reached skill level 5 in Spellcasting
  7095 | D:6      | Reached skill level 1 in Invocations
  7300 | D:6      | Noticed Pikel
  7323 | D:6      | Killed Pikel
  7323 | D:6      | Reached skill level 5 in Invocations
  7392 | D:6      | Reached XP level 10. HP: 61/76 MP: 15/17
  7579 | D:6      | Found a glowing golden altar of the Shining One.
  7766 | D:6      | Found a staircase to the Ecumenical Temple.
  8103 | D:7      | Reached *** piety under Makhleb
  8103 | D:7      | Reached skill level 9 in Unarmed Combat
  8104 | D:7      | Noticed TheGoonsmith's ghost (novice GrEE)
  8946 | D:8      | Noticed a two-headed ogre
  8962 | D:8      | Killed a two-headed ogre
  9228 | D:8      | Found a shimmering altar of Xom.
  9232 | D:8      | Found a staircase to the Lair.
  9434 | D:8      | Found Doxzivan's Magic Scroll Boutique.
  9442 | D:8      | Reached skill level 10 in Transmutations
  9458 | D:8      | Bought a scroll of fog for 32 gold pieces
  9458 | D:8      | Bought a scroll of teleportation for 48 gold pieces
  9458 | D:8      | Bought a scroll of identify for 32 gold pieces
  9458 | D:8      | Bought a scroll of identify for 32 gold pieces
  9458 | D:8      | Bought a scroll of enchant armour for 120 gold pieces
  9458 | D:8      | Bought a scroll of magic mapping for 56 gold pieces
  9641 | D:8      | Noticed Psyche
  9648 | D:8      | Killed Psyche
 10180 | Lair:1   | Entered Level 1 of the Lair of Beasts
 10207 | Lair:1   | Reached skill level 5 in Ice Magic
 10207 | Lair:1   | Reached XP level 11. HP: 30/81 MP: 18/18
 10501 | Lair:1   | Noticed Prince Ribbit
 10516 | Lair:1   | Killed Prince Ribbit
 11260 | Lair:2   | Reached skill level 10 in Dodging
 11422 | Lair:2   | Noticed a four-headed hydra
 11426 | Lair:2   | Reached skill level 10 in Unarmed Combat
 11463 | Lair:2   | Killed a four-headed hydra
 11673 | Lair:2   | Found a staircase to the Swamp.
 12021 | Lair:2   | Reached skill level 11 in Unarmed Combat
 12150 | Lair:1   | Reached **** piety under Makhleb
 12413 | Lair:2   | Reached XP level 12. HP: 77/91 MP: 17/21
 13414 | Lair:3   | Found a staircase to the Snake Pit.
 14035 | Lair:4   | Noticed an eight-headed hydra
 14036 | Lair:4   | Got a topaz-encrusted leather armour
 14047 | Lair:4   | Killed an eight-headed hydra
 14275 | Lair:4   | Identified the cursed +0 leather armour "Hilacicw" {+Inv rF+ Stlth+} (You found it on level 4 of the Lair of Beasts)
 14324 | Lair:3   | Reached XP level 13. HP: 106/106 MP: 23/23
 14647 | Lair:4   | Reached skill level 12 in Unarmed Combat
 14936 | Lair:4   | Reached ***** piety under Makhleb
 15083 | Lair:5   | Noticed mhoghedin's ghost (journeyman MfIE)
 15089 | Lair:5   | Killed mhoghedin's ghost
 15485 | Lair:5   | Reached skill level 13 in Unarmed Combat
 15485 | Lair:5   | Reached XP level 14. HP: 61/113 MP: 19/24
 15671 | Lair:5   | Found a viscous altar of Jiyva.
 15671 | Lair:5   | Found a staircase to the Slime Pits.
 16556 | Lair:6   | Entered Level 6 of the Lair of Beasts
 16705 | Lair:6   | Reached skill level 10 in Invocations
 17454 | Lair:6   | Noticed a dire elephant
 17463 | Lair:6   | Killed a dire elephant
 17869 | Lair:6   | Found a burning altar of Makhleb.
 17881 | Lair:6   | HP: 3/113 [sun demon (11)]
 17884 | Lair:6   | Mangled by a sun demon

Vault maps used:
D:1:      dpeg_arrival_boxorama, minmay_fountain_box
D:2:      minivault_11
D:3:      nicolae_overflow_crystal_walls, nicolae_overflow_hidden_temple,
          grunt_temple_overflow_cloverleaf
D:4:      kennysheep_mini, grunt_tough_drop
D:5:      lightli_ossuary_entry_decrepit_ruins, first_bread,
          vehumet_altar_wand_db, uniq_grinder
D:6:      kennysheep_mini_moat, temple_statues, uniq_pikel
D:8:      kennysheep_little_box, lair_entry_dummy, serial_shops,
          nicolae_shop_statue_plus, grunt_ogre_cave, uniq_psyche
Lair:1:   nicolae_quartered_pool_little, uniq_prince_ribbit2
Lair:2:   minmay_swamp_entry_worms, grunt_megastairs_4, serial_bayou_shore_b
Lair:3:   dummy_snake_entry, st_stairs_6, grunt_megastairs_1,
          serial_bayou_shore_b, lemuel_fruit_fields
Lair:4:   cheibrodos_lair_caveside_slide, grunt_megastairs_3
Lair:5:   lemuel_slime, dpeg_slime_entry_enclosed_altar, st_stairs_4,
          beast_lair_carwin_1
Lair:6:   evil_forest, lemuel_old_faithful
Ossuary:  ossuary_minmay_scorpions

Skill      XL: |  1  2  3  4  5  6  7  8  9 10 11 12 13 14 |
---------------+-------------------------------------------+-----
Transmutations | 3 4 5 6 10 11 | 11.0
Dodging        | 3 4 7 8 10 12 | 12.5
Unarmed Combat | 4 5 8 9 11 13 | 13.2
Poison Magic   | 1 |  1.0
Spellcasting   | 3 5 6 7 |  7.1
Fighting       | 3 4 6 7 11 | 11.3
Invocations    | 5 6 7 11 | 11.4
Ice Magic      | 5 |  5.3

Action                   |  1- 3 |  4- 6 |  7- 9 | 10-12 | 13-15 || total
-------------------------+-------+-------+-------+-------+-------++-------
Melee: Unarmed           |   134 |   135 |   353 |   465 |   283 ||  1370
       Headbutt          |     3 |       |       |       |       ||     3
       Punch             |       |     1 |     2 |     4 |     9 ||    16
 Cast: Beastly Appendage |     7 |       |       |       |       ||     7
       Spider Form       |     1 |    14 |    33 |    28 |       ||    76
       Sticks to Snakes  |       |     2 |     6 |     1 |       ||     9
       Blade Hands       |       |       |       |    21 |    27 ||    48
       Ice Form          |       |       |       |     2 |     4 ||     6
Invok: Minor Destruction |       |       |     4 |    67 |    78 ||   149
       Lesser Servant of |       |       |       |     6 |     3 ||     9
 Abil: End Transformatio |       |       |       |       |     1 ||     1
  Use: Potion            |       |     1 |       |     1 |     1 ||     3
       Scroll            |       |     7 |    12 |     7 |     2 ||    28
 Stab: Sleeping          |     3 |       |     2 |     2 |     1 ||     8
       Distracted        |       |       |       |       |     2 ||     2
  Eat: Chunk             |     3 |     4 |     7 |    19 |    14 ||    47
       Bread ration      |       |     1 |     2 |     1 |     1 ||     5
       Royal jelly       |       |       |       |     2 |       ||     2
       Meat ration       |       |       |       |     1 |       ||     1
Armor: Robe              |    15 |     8 |     9 |    11 |       ||    43
       Skin              |       |       |     1 |     8 |     3 ||    12
       Leather armour    |       |       |       |    15 |    24 ||    39
Dodge: Dodged            |    85 |    99 |   273 |   345 |   192 ||   994
